 Dungeon Crawl Stone Soup version 0.24-a0-291-g79c1ce7 (webtiles) character file.

Game seed: 9354871342122400837

29 frenix the Caller (level 3, 0/16 HPs)
             Began as a Vine Stalker Summoner on May 9, 2019.
             Slain by a hobgoblin (5 damage)
             ... on level 2 of the Dungeon.
             The game lasted 00:08:06 (1859 turns).

frenix the Caller (Vine Stalker Summoner)           Turns: 1859, Time: 00:08:07

Health: 0/16       AC:  3    Str: 10    XL:     3   Next: 16%
Magic:  0/9        EV: 12    Int: 16    God:
Gold:   96         SH:  0    Dex: 14    Spells: 6/9 levels left

rFire    . . .     SeeInvis .   d - +1 dagger
rCold    . . .     Gourm    .   (no shield)
rNeg     . . .     Faith    .   a - +1 robe
rPois    .         Spirit   +   (no helmet)
rElec    .         Reflect  .   (no cloak)
rCorr    .         Harm     .   (no gloves)
MR       .....                  (no boots)
Stlth    ++........             (no amulet)
HPRegen  0.05/turn              h - ring of flight
MPRegen  0.11/turn              (no ring)

@: very slightly contaminated
A: fangs 2, magic shield, antimagic bite, no potion heal 3, rot immunity
a: Evoke Flight


You were on level 2 of the Dungeon.
You were near starving.

You visited 1 branch of the dungeon, and saw 2 of its levels.

You collected 96 gold pieces.

Inventory:

Hand Weapons
 d - a +1 dagger (weapon)
 g - a +0 trident
Armour
 a - a +1 robe (worn)
Jewellery
 h - a ring of flight (left hand)
Potions
 b - 2 potions of might {unknown}
 e - a potion of curing {unknown}
 f - a potion of haste {unknown}
Comestibles
 c - 5 rations


   Skills:
 + Level 0.2 Fighting
 + Level 0.3 Short Blades
 - Level 1.5 Dodging
 - Level 2.4 Stealth
 + Level 3.5 Spellcasting
 - Level 4.0 Summonings


You had 6 spell levels left.
You knew the following spells:

 Your Spells              Type           Power        Failure   Level  Hunger
a - Summon Small Mammal   Summ           ###.         3%          1    None
s - Call Imp              Summ           ###.....     5%          2    ##.....

Your spell library contained the following spells:

 Spells                   Type           Power        Failure   Level  Hunger
 Call Canine Familiar     Summ           ###.....     11%         3    ###....
 Summon Guardian Golem    Hex/Summ       #.......     24%         3    ###....
 Summon Ice Beast         Ice/Summ       #.......     61%         4    ####...
 Summon Lightning Spire   Summ/Air       #.......     61%         4    ####...


Dungeon Overview and Level Annotations

Branches:
Dungeon (2/15)

Altars:
Ashenzari


Innate Abilities, Weirdness & Mutations

You have extremely sharp teeth.
When hurt, damage is shared between your health and your magic reserves.
Your bite disrupts and absorbs the magic of your enemies.
Potions cannot restore your health.
You are immune to rotting.


Message History

You barely miss the hobgoblin. The hobgoblin barely misses you.
The gnoll hits you from afar with a +0 halberd.
Your crimson imp hits the hobgoblin.
Your rat bites the hobgoblin.
The gnoll hits your rat with a +0 whip.
Your rat dies!
Your rat's corpse disappears in a puff of smoke!
You swap places.
The hobgoblin hits you. The gnoll misses you.
Your crimson imp blinks!
Casting: Summon Small Mammal (safe; 3% risk of failure)
Confirm with . or Enter, or press ? or * to list all spells.
A beastly little devil appears in a puff of flame.
The hobgoblin barely misses you. The gnoll closely misses you.
Your crimson imp hits the goblin.
You hit the gnoll but do no damage. The gnoll hits you with a +0 whip.
The hobgoblin closely misses you. The gnoll barely misses you.
Your crimson imp closely misses the gnoll.
You hit the gnoll.
The gnoll is lightly wounded.
The gnoll closely misses you. The hobgoblin hits you.
You die...

.# .# .. #
.. . .#.#
######.#.#
#..g@g...#
#.(#g#5###
#...g...#
#.5†w#..#
#...(<..#
#...(...#
#..#...##
#........
#.##.....$


You could see a worm, 2 gnolls, a hobgoblin, a goblin and 2 friendly crimson
imps.

Vanquished Creatures
  2 bats
  A goblin (D:1)
  A hobgoblin (D:1)
  A rat (D:1)
5 creatures vanquished.

Vanquished Creatures (collateral kills)
  An adder (D:2)
  A leopard gecko (D:1)
  4 bats (D:1)
  2 giant cockroaches (D:1)
  4 goblins (D:1)
  2 hobgoblins (D:1)
  6 jackals (D:1)
  A kobold (D:1)
  3 frilled lizards (D:1)
  3 rats (D:1)
27 creatures vanquished.

Grand Total: 32 creatures vanquished

Notes
Turn   | Place    | Note
-------+----------+-------------------------------------------
     0 | D:1      | frenix the Vine Stalker Summoner began the quest for the
                  | Orb.
     0 | D:1      | Reached XP level 1. HP: 9/9 MP: 4/4
    67 | D:1      | Found a shattered altar of Ashenzari.
   468 | D:1      | Reached XP level 2. HP: 8/13 MP: 0/6
   579 | D:1      | Learned a level 2 spell: Call Imp
  1364 | D:1      | Reached XP level 3. HP: 16/16 MP: 1/8
  1859 | D:2      | Slain by a hobgoblin

Levels and vault maps discovered:
D:1:      minmay_arrival_hallway, layout_basic, chequers_hall_statues_corner_a,
          ashenzari_altar_1
D:2:      layout_basic

Skill      XL: |  1  2 |
---------------+-------+-----
Spellcasting   | 3 |  3.5
Fighting       | |  0.2
Short Blades   | |  0.3
Dodging        | |  1.5
Stealth        | |  2.4
Summonings     | |  4.0

Action                   || total
-------------------------++-------
Melee: Dagger            ||    20
       Bite              ||     2
 Cast: Summon Small Mamm ||    37
       Call Imp          ||    28
  Use: Scroll            ||     4
  Eat: Chunk             ||     3
Armor: Robe              ||    11
Dodge: Dodged            ||    44

Table legend:
 A = Non-vault XP
 B = Vault XP
 C = Vault XP percentage of total XP
 D = Non-vault monster count
 E = Vault monster count
 F = Vault count percentage of total count
                 A         B        C        D         E       F
            +---------+---------+-------+---------+---------+-------
      Total |      42 |       0 |   0.0 |      32 |       0 |   0.0
            +---------+---------+-------+---------+---------+-------
        D:1 |      34 |       0 |   0.0 |      30 |       0 |   0.0
        D:2 |       8 |       0 |   0.0 |       2 |       0 |   0.0
            +---------+---------+-------+---------+---------+-------
